 Dungeon Crawl Stone Soup version 0.22-a0-252-gcace5d2 (webtiles) character file.

144 Amnesiac the Vandal (level 5, 0/27 HPs)
             Began as a Spriggan Fighter on Mar 1, 2018.
             Succumbed to an adder's poison
             ... on level 3 of the Dungeon.
             The game lasted 00:05:14 (2248 turns).

Amnesiac the Vandal (Spriggan Fighter)              Turns: 2248, Time: 00:05:15

Health: 0/27       AC:  4    Str: 12 (13) XL:     5   Next: 5%
Magic:  6/6        EV: 19    Int: 13 (14) God:
Gold:   152        SH: 10    Dex: 15 (18) Spells: 4/4 levels left

rFire    + . .     SeeInvis +   a - +0 hunting sling
rCold    . . .     Gourm    .   c - +0 buckler
rNeg     . . .     Faith    +   x - +2 robe {rF+}
rPois    .         Spirit   .   (helmet restricted)
rElec    .         Reflect  .   (no cloak)
rCorr    .         Harm     .   (gloves unavailable)
MR       .....                  (boots unavailable)
Stlth    +.........             q - amulet of faith
HPRegen  0.09/turn              (no ring)
MPRegen  0.10/turn              (no ring)

@: brilliant, lethally poisoned (0 -> -3), berserk cooldown, flying, slowed,
quick
A: very small, unfitting armour, large bone plates 1, see invisible, agile 1,
herbivore, speed 3, slow metabolism 2, no potion heal 1
a: no special abilities


You were on level 3 of the Dungeon.
You were not hungry.

You visited 1 branch of the dungeon, and saw 4 of its levels.

You collected 152 gold pieces.

Inventory:

Hand Weapons
 a - a +0 hunting sling (weapon)
 b - a +0 rapier
Missiles
 h - 15 poisoned needles
 p - a throwing net
 v - 9 stones (quivered)
Armour
 c - a +0 buckler (worn)
 l - a +0 robe
 x - a +2 robe of fire resistance (worn)
Jewellery
 q - an amulet of faith (around neck)
Wands
 w - a wand of digging (13)
Scrolls
 e - a scroll of identify {!r, unknown}
 g - a scroll of amnesia {!r, unknown}
 i - a scroll of enchant weapon {!r, unknown}
 j - 4 scrolls of remove curse {!r, unknown}
 k - a scroll of fog {!r, unknown}
 r - a scroll of magic mapping {!r, unknown}
 s - a scroll of noise {!r, unknown}
Potions
 d - a potion of might {!q}
 o - 2 potions of flight {!q}
 u - a potion of mutation {!q}
Comestibles
 f - 6 rations


   Skills:
 + Level 2.5 Fighting
 - Level 3.0 Short Blades
 - Level 5.1 Slings
 - Level 4.4 Dodging
 - Level 2.1 Shields


You had 4 spell levels left.
You didn't know any spells.

Dungeon Overview and Level Annotations

Branches:
Dungeon (4/15)
 Temple: D:4-7

Altars:

Annotations:
D:1 Sigmund


Innate Abilities, Weirdness & Mutations

You are very small and have problems with some larger weapons.
You are too small for most types of armour.
You have supernaturally acute eyesight. (SInv)
You are a herbivore.
You cover ground extremely quickly.
You need consume almost no food.
You are partially covered in large bone plates. (SH +4)
You are agile. (Dex +2)
Potions are less effective at restoring your health.


Message History

Aim: an adder (severely wounded)
You shoot a stone. The stone hits the adder.
The adder is severely wounded.
The adder barely misses you. The adder bites you.
* * * LOW HITPOINT WARNING * * *
You are lethally poisoned!
The adder poisons you!
You are too injured to fight recklessly!
You are too injured to fight recklessly!
You are too injured to fight recklessly!
* * * LOW HITPOINT WARNING * * *
You feel sick.
Really quaff
o - 3 smoky yellow potions {!q}?
It was a potion of flight {!q}.
You feel very buoyant.
You fly up into the air.
* * * LOW HITPOINT WARNING * * *
You feel sick. You block the adder's attack.
* * * LOW HITPOINT WARNING * * *
You feel sick.
Really quaff
u - 2 ruby potions {!q}?
It was a potion of mutation {!q}.
You feel extremely strange.
Large bone plates grow over parts of your arms.
Your system partially rejects the healing effects of potions.
You feel agile.
* * * LOW HITPOINT WARNING * * *
You feel sick.
Really quaff
m - a black potion {!q}?
It was a potion of degeneration {!q}.
There was something very wrong with that liquid.
You feel weakened.
You feel dopey.
You feel clumsy. The adder completely misses you.
Really quaff
n - a silvery potion {!q}?
It was a potion of berserk rage {!q}.
A red film seems to cover your vision as you go berserk!
You feel yourself moving faster!
You feel mighty! You block the adder's attack.
You are too berserk!
Wield which item (- for none, * to show all)? (? for menu, Esc to quit)
b - a +0 rapier (weapon)
You feel a strong urge to attack something.
You puncture the adder!
You kill the adder!
You have reached level 5!
You feel agile.
You are too berserk!
You are too berserk!
Unknown command.
* * * LOW HITPOINT WARNING * * *
You feel sick.
You feel a strong urge to attack something.
Unknown command.
You are too berserk!
You feel your anger nearly subside.
You are no longer berserk.
You are exhausted.
You feel yourself slow down.
Okay, then.
Really quaff
t - a brown potion {!q}?
It was a potion of brilliance {!q}.
You feel clever all of a sudden.
Okay, then.
Okay, then.
Okay, then.
a - a +0 hunting sling (weapon)
You die...

#.#.# ###.†######.# ###..#
#...## #.# #...# #.#.†## #.#
#..### #.##..###.#
##....######÷###..##.#
.(($#........)..#..#.####
#.....###.##.##.##......##
#..#.#...........##......#####
................@.##.†<..(....
.>..................†.†..#####
.....#.##.#####...###...##
#.#..#.##.# #...# ##.##
........#.# #...# #.#
#.....#.... #...# #.#
#####...### #...# #.# ##.##
#.... ..# .# ##..######


There were no monsters in sight!

Vanquished Creatures
  Jessica (D:3)
  Natasha (D:3)
  4 adders
  3 oozes
  A dart slug (D:1)
  3 leopard geckos (D:3)
  2 giant cockroaches
  3 goblins (D:2)
  4 hobgoblins
  10 jackals
  4 bats (D:2)
  2 frilled lizards
  3 kobolds
  A rat (D:3)
42 creatures vanquished.

Notes
Turn   | Place    | Note
-------+----------+-------------------------------------------
     0 | D:1      | Amnesiac the Spriggan Fighter began the quest for the Orb.
     0 | D:1      | Reached XP level 1. HP: 11/11 MP: 2/2
   313 | D:2      | Reached XP level 2. HP: 16/16 MP: 3/3
   391 | D:2      | Reached skill level 1 in Slings
   544 | D:3      | Noticed Jessica
   633 | D:3      | Noticed Natasha
   808 | D:1      | Reached skill level 2 in Slings
   852 | D:1      | Reached XP level 3. HP: 16/19 MP: 4/4
  1040 | D:2      | Noticed Sigmund
  1251 | D:2      | Reached skill level 3 in Slings
  2050 | D:2      | Reached XP level 4. HP: 22/23 MP: 5/5
  2134 | D:3      | Killed Jessica
  2134 | D:3      | Reached skill level 4 in Slings
  2163 | D:3      | Killed Natasha
  2163 | D:3      | Reached skill level 5 in Slings
  2237 | D:3      | Gained mutation: You are partially covered in large bone plates. (SH +4) [potion of mutation]
  2237 | D:3      | Gained mutation: Potions are less effective at restoring your health. [potion of mutation]
  2237 | D:3      | Gained mutation: You are agile. (Dex +2) [potion of mutation]
  2237 | D:3      | HP: 1/23 [poisoned by an adder]
  2241 | D:3      | Reached XP level 5. HP: 1/27 MP: 6/6
  2242 | D:3      | HP: 1/40 [poisoned by an adder]
  2248 | D:3      | Succumbed to an adder's poison

Vault maps used:
D:1:      minmay_arrival_four_loops
D:2:      uniq_sigmund
D:3:      chequers_ecumenical_altar_simple, uniq_natasha, uniq_jessica
D:4:      minitemple, gammafunk_temple_overflow_wave, fedhas_altar_2, uniq_robin

Skill      XL: |  1  2  3  4 |
---------------+-------------+-----
Short Blades   | 3 |  3.0
Slings         | 2 3 5 |  5.1
Fighting       | |  2.5
Dodging        | |  4.4
Shields        | |  2.1

Action                   |  1- 3 |  4- 6 || total
-------------------------+-------+-------++-------
Melee: Rapier            |   131 |     1 ||   132
 Fire: Hunting sling     |       |    33 ||    33
  Use: Potion            |       |     5 ||     5
 Stab: Sleeping          |     1 |       ||     1
Armor: Robe              |    16 |     1 ||    17
Dodge: Dodged            |   120 |     5 ||   125
Block: Buckler           |    37 |     3 ||    40

Table legend:
 A = Spawn XP
 B = Non-spawn XP
 C = Spawn XP percentage of total XP
 D = Spawn monster count
 E = Non-spawn monster count
 F = Spawn count percentage of total count
 G = Total turns spent on level
                    A         B        C        D         E        F      G
               +---------+---------+-------+---------+---------+-------+---------
         Total |       0 |     207 |   0.0 |       0 |      42 |   0.0 |  2248
               +---------+---------+-------+---------+---------+-------+---------
           D:1 |       0 |      40 |   0.0 |       0 |      12 |   0.0 |   817
           D:2 |       0 |      54 |   0.0 |       0 |      19 |   0.0 |  1078
           D:3 |       0 |     111 |   0.0 |       0 |      10 |   0.0 |   272
           D:4 |       0 |       2 |   0.0 |       0 |       1 |   0.0 |    81
               +---------+---------+-------+---------+---------+-------+---------
